 Dungeon Crawl Stone Soup version 0.28-a0-723-g095bd1b (webtiles) character file.

Game seed: 18111870624536084516

179 MrTaco21 the Cudgeller (level 5, 0/32 HPs)
             Began as a Gargoyle Fighter on Oct 25, 2021.
             Slain by an orc (3 damage)
             ... on level 2 of the Dungeon.
             The game lasted 00:02:35 (3212 turns).

MrTaco21 the Cudgeller (Gargoyle Fighter)           Turns: 3212, Time: 00:02:36

Health: 0/32       AC: 14    Str: 21    XL:     5   Next: 59%
Magic:  5/5        EV:  7    Int: 14    God:
Gold:   148        SH:  4    Dex:  9    Spells: 4/4 levels left

rFire   . . .      SeeInvis .   a - +0 flail
rCold   . . .      Faith    .   c - +0 buckler
rNeg    + . .      Spirit   .   p - +0 chain mail
rPois   ∞          Reflect  .   (no helmet)
rElec   +          Harm     .   k - +0 cloak
rCorr   .          Rampage  .   (no gloves)
Will    .....                   (no boots)
Stlth   ..........              (no amulet)
HPRegen 0.10/turn               b - +6 ring of intelligence
MPRegen 0.09/turn               (no ring)

@: no status effects
A: sickness immunity, AC +4, negative energy resistance 1, electricity
resistance, torment resistance 1, petrification resistance
a: no special abilities


You were on level 2 of the Dungeon.
You visited 1 branch of the dungeon, and saw 3 of its levels.

You collected 148 gold pieces.

Inventory:

Hand Weapons
 a - a +0 flail (weapon)
Missiles
 m - 16 poisoned darts (quivered)
Armour
 c - a +0 buckler (worn)
 k - a +0 cloak (worn)
   (You found it on level 1 of the Dungeon)
 p - a +0 chain mail (worn)
   (You found it on level 2 of the Dungeon)
Jewellery
 b - a +6 ring of intelligence (left hand)
   (You found it on level 3 of the Dungeon)
Scrolls
 j - a scroll of identify {unknown}
 l - a scroll of brand weapon {unknown}
 n - a scroll of magic mapping {unknown}
 o - a scroll of teleportation {unknown}
Potions
 d - a potion of might
 f - a potion of resistance {unknown}
 g - a potion of flight {unknown}
 h - 2 potions of heal wounds {unknown}
 i - a potion of curing {unknown}


   Skills:
 - Level 3.2 Fighting
 + Level 5.6 Maces & Flails
 - Level 3.2 Armour
 - Level 3.2 Shields


You had 4 spell levels left.
You didn't know any spells.
Your spell library was empty.

Dungeon Overview and Level Annotations

Branches:
Dungeon (3/15)

Altars:


Innate Abilities, Weirdness & Mutations

You are immune to sickness and miasma.
Your stone body is resilient. (AC +4)
You are immune to poison.
You resist negative energy. (rN+)
You are resistant to electric shocks. (rElec)
You are resistant to unholy torment.
You are immune to petrification.


Message History

An orc comes into view. It is wielding a +0 hand axe.
An orc is nearby!
An orc is nearby!
An orc comes into view. It is wielding a +0 flail.
The orc shouts! x2
The orc priest looks encouraged for a moment.
The orc shouts!
You hit the orc. You block the orc's attack.
An orc comes into view. It is wielding a +0 club.
You closely miss the orc.
The orc shouts!
The orc hits you but does no damage.
The orc shouts!
You thump the orc!
You kill the orc!
You barely miss the orc.
The orc priest hits you from afar with a +0 trident.
The orc priest casts a cantrip, but nothing happens.
You closely miss the orc priest. The orc hits you with a +0 club.
The orc priest mumbles some strange prayers to Beogh against you.
Beogh smites you!
You barely miss the orc priest.
The orc priest hits you but does no damage.
The orc hits you but does no damage.
You sock the orc priest!
The orc priest mumbles some strange prayers to Beogh against you.
Beogh smites you!
* * * LOW HITPOINT WARNING * * *
The orc hits you with a +0 flail.
* * * LOW HITPOINT WARNING * * *
The orc hits you but does no damage. x2
You sock the orc priest!
You kill the orc priest!
The orc hits you but does no damage. x4
Unknown command.
The orc hits you but does no damage.
Things that are here:
a +0 trident; an orc corpse Unknown command.
The orc throws a boomerang.
The boomerang barely misses you.
There is a stone staircase leading up here.
You can't go down here!
You block the orc's attack.
You climb upwards.
There is a stone staircase leading down here.
You barely miss the orc. The orc hits you but does no damage.
You closely miss the orc. The orc barely misses you.
You completely miss the orc. You block the orc's attack.
The orc hits you with a +0 club.
You die...

###### #....### ########
#......## ##..##..##
........###........###
........##.....o.....############
................@...........>....
.....#....#......÷.##############
##.......##........##
#..................##
##....<..............#
........#.#........#.# ######
#.##.#....##..##..##.### #.....
#.##.####.###.#.##.....#####.....
#.##..†.....#....................


You could see an orc.

Vanquished Creatures
  A scorpion (D:3)
  An orc priest (D:3)
  5 adders
  A worm (D:2)
  4 dart slugs
  An orc (D:3)
  4 endoplasms
  A giant cockroach (D:2)
  A goblin (D:2)
  6 hobgoblins
  2 kobolds (D:1)
  A quokka (D:1)
  3 ball pythons
  6 bats
  2 frilled lizards (D:1)
  2 rats
41 creatures vanquished.

Notes
Turn   | Place    | Note
-------+----------+-------------------------------------------
     0 | D:1      | MrTaco21 the Gargoyle Fighter began the quest for the Orb.
     0 | D:1      | Reached XP level 1. HP: 14/14 MP: 1/1
   266 | D:1      | Reached XP level 2. HP: 19/19 MP: 2/2
   415 | D:1      | Found a faded altar of an unknown god.
   574 | D:1      | Reached skill level 3 in Maces & Flails
  1270 | D:2      | Reached XP level 3. HP: 14/23 MP: 3/3
  1297 | D:2      | HP: 1/23 [adder (3)]
  1729 | D:2      | Reached skill level 4 in Maces & Flails
  1779 | D:2      | Reached XP level 4. HP: 28/28 MP: 4/4
  2849 | D:3      | Noticed a scorpion
  3116 | D:3      | Killed a scorpion
  3117 | D:3      | Reached skill level 5 in Maces & Flails
  3117 | D:3      | Reached XP level 5. HP: 29/32 MP: 5/5
  3194 | D:3      | HP: 1/32 [orc (4)]
  3212 | D:2      | Slain by an orc

Illustrated notes

Levels and vault maps discovered:
D:1:      co_arrival_random_square_maze, layout_basic,
          hellmonk_ecumenical_altar_leap_of_faith
D:2:      layout_basic, minmay_misc_feat_secret_circle, st_stairs_5,
          minmay_close_crescents
D:3:      layout_rooms, grunt_decor_mini_mirrors

Skill      XL: |  1  2  3  4 |
---------------+-------------+-----
Maces & Flails | 3 4 5 |  5.6
Fighting       | |  3.2
Armour         | |  3.2
Shields        | |  3.2

Action                   |  1- 3 |  4- 6 || total
-------------------------+-------+-------++-------
Melee: Flail             |   116 |    88 ||   204
Armor: Scale mail        |    60 |    23 ||    83
       Chain mail        |       |    35 ||    35
Dodge: Dodged            |    73 |    45 ||   118
Block: Buckler           |    30 |    20 ||    50

Table legend: (Time is in decaauts)
 A = Elapsed time spent in this place.
 B = Non-inter-level travel time spent in this place.
 C = Inter-level travel time spent in this place.
 D = Time resting spent in this place.
 E = Time spent auto-exploring this place.
 F = Levels seen in this place.
 G = Mean time per level.
                   A        B        C        D        E       F      G
               +--------+--------+--------+--------+--------+-----+--------+
         Total |   3257 |   3173 |     84 |    382 |   2311 |   3 | 1085.7 |
       Dungeon |   3257 |   3173 |     84 |    382 |   2311 |   3 | 1085.7 |
               +--------+--------+--------+--------+--------+-----+--------+

Top non-repeatable levels by time:
     D:2: 1720 daAuts
     D:1: 1269 daAuts
     D:3: 267 daAuts
